 Dungeon Crawl Stone Soup version 0.23-a0-516-g0f8c245 (webtiles) character file.

156 theanonym the Skirmisher (level 5, -12/41 HPs)
             Began as a Mummy Enchanter on Dec 5, 2018.
             Engulfed by a cloud of steam (16 damage)
             ... on level 3 of the Dungeon.
             The game lasted 00:02:56 (2682 turns).

theanonym the Skirmisher (Mummy Enchanter)          Turns: 2682, Time: 00:02:57

Health: -12/41     AC:  4    Str: 12    XL:     5   Next: 15%
Magic:  9/9        EV: 11    Int: 14    God:
Gold:   137        SH:  0    Dex: 13    Spells: 8/9 levels left

rFire    x . .     SeeInvis .   m - +3 dagger (vamp)
rCold    + . .     Gourm    .   (no shield)
rNeg     + + +     Faith    .   h - +0 leather armour
rPois    ∞         Spirit   .   l - +0 helmet
rElec    .         Reflect  .   (no cloak)
rCorr    .         Harm     .   (no gloves)
MR       .....                  (no boots)
Stlth    ++........             (no amulet)
HPRegen  0.13/turn              (no ring)
MPRegen  0.11/turn              (no ring)

@: no status effects
A: no food or potions, fire vulnerability, cold resistance 1, negative energy
resistance 3, torment resistance, unbreathing
a: no special abilities


Innate Abilities, Weirdness & Mutations

You do not eat or drink.
Your flesh is vulnerable to fire.
You are immune to poison.
Your flesh is cold resistant. (rC+)
You are immune to negative energy. (rN+++)
You are immune to unholy pain and torment.
You can survive without breathing.


   Skills:
 + Level 3.3 Fighting
 - Level 0.7 Short Blades
 + Level 2.7 Armour
 - Level 1.5 Dodging
 - Level 2.4 Stealth
 - Level 2.6 Spellcasting
 - Level 2.6 Hexes


You had 8 spell levels left.
You knew the following spells:

 Your Spells              Type           Power        Failure   Level  Hunger
a - Corona                Hex            #......      10%         1    N/A

Your spell library contained the following spells:

 Spells                   Type           Power        Failure   Level  Hunger
 Ensorcelled Hibernation  Hex/Ice        #.....       24%         2    N/A
 Confuse                  Hex            #.......     28%         3    N/A
 Tukima's Dance           Hex            #.......     28%         3    N/A
 Dazzling Spray           Conj/Hex       #.....       43%         3    N/A

Skill      XL: |  1  2  3  4 |
---------------+-------------+-----
Fighting       | 1 2 3 |  3.3
Armour         | 1 2 |  2.7
Short Blades   | |  0.7
Dodging        | |  1.5
Stealth        | |  2.4
Spellcasting   | |  2.6
Hexes          | |  2.6

Action                   |  1- 3 |  4- 6 || total
-------------------------+-------+-------++-------
Melee: Dagger            |    40 |    99 ||   139
       Short sword       |    80 |     9 ||    89
  Use: Scroll            |       |     1 ||     1
 Stab: Sleeping          |     3 |     2 ||     5
Armor: Robe              |     9 |       ||     9
       Leather armour    |    20 |    15 ||    35
Dodge: Dodged            |    77 |    48 ||   125

Inventory:

Hand Weapons
 a - a +1 dagger
 e - a +3 short sword of venom
   (You took it off a kobold on level 1 of the Dungeon)
 m - a +3 vampiric dagger (weapon)
   (You took it off a goblin on level 2 of the Dungeon)
Missiles
 f - 37 arrows
Armour
 b - a +0 robe
 h - a +0 leather armour (worn)
   (You found it on level 1 of the Dungeon)
 l - a +0 helmet (worn)
   (You found it on level 1 of the Dungeon)
Scrolls
 c - 2 scrolls of teleportation {unknown}
 d - a scroll of blinking {unknown}
 g - 2 scrolls of identify {unknown}
 i - a scroll of enchant armour {unknown}
 j - a scroll of remove curse {unknown}
 k - a scroll of random uselessness {unknown}
 y - a scroll of magic mapping


You were on level 3 of the Dungeon.
You were not hungry.

You visited 1 branch of the dungeon, and saw 3 of its levels.

You collected 137 gold pieces.

Dungeon Overview and Level Annotations

Branches:
Dungeon (3/15)

Altars:
Yredelemnul

.....######**#.........*
##.###*** #..#######*
.#.# *≈*###*#...#
******* .#.#
**≈≈*§§##≈..# *,,,,,,
.#.# *≈≈≈≈*#≈#≈§.#
****,***** .#.#
*≈≈≈**#≈§§§.# *,,,,*
...# ***≈**###§§§#
*,*,,* #### *≈≈* #§§§##
*,**,* *≈≈*
#§.@§#*****,**,* ****
#...g#,,,,,,**,*****
#.§g§#.##*****,,,,,,
##.g.#.#,,,,,*,,,,,,
#...#(#,,,,,,,,,,,,
#..K#.#,,,,,,,,,,,,
#...#.#,,,,,*,,,,,,
#...#.#,,,,,,,*,*,*
#.....#,,,**,,,,,,,


You could see 2 gnolls, a goblin and a kobold.

Notes
Turn   | Place    | Note
-------+----------+-------------------------------------------
     0 | D:1      | theanonym the Mummy Enchanter began the quest for the Orb.
     0 | D:1      | Reached XP level 1. HP: 13/13 MP: 4/4
    12 | D:1      | HP: 5/13 [dart slug/slug dart (5)]
   278 | D:1      | Reached skill level 1 in Fighting
   284 | D:1      | Reached XP level 2. HP: 21/21 MP: 5/5
   474 | D:1      | Reached skill level 1 in Armour
   881 | D:1      | Reached XP level 3. HP: 19/27 MP: 7/7
  1214 | D:1      | Reached skill level 2 in Fighting
  1525 | D:2      | HP: 10/28 [adder (5)]
  1526 | D:2      | Reached skill level 2 in Armour
  1526 | D:2      | Reached XP level 4. HP: 13/34 MP: 8/8
  1533 | D:2      | HP: 13/34 [rat (1)]
  1878 | D:2      | Found a basalt altar of Yredelemnul.
  2108 | D:2      | Reached skill level 3 in Fighting
  2118 | D:2      | HP: 12/35 [gnoll/+0 whip (8)]
  2308 | D:3      | HP: 17/35 [gnoll (8)]
  2487 | D:3      | Reached XP level 5. HP: 39/41 MP: 9/9
  2671 | D:3      | HP: 13/41 [gnoll/+0 flail (11)]
  2681 | D:3      | HP: 4/41 [something (10)]
  2682 | D:3      | Engulfed by a cloud of steam

Vanquished Creatures
  4 gnolls
  4 adders
  2 worms
  3 dart slugs (D:1)
  A leopard gecko (D:2)
  2 orcs
  3 giant cockroaches (D:1)
  14 goblins
  3 hobgoblins (D:1)
  6 jackals
  12 kobolds
  7 bats
  2 frilled lizards
  5 rats
68 creatures vanquished.

Table legend:
 A = Turns spent in this place as a percentage of turns spent in the entire game.
 B = Non-inter-level travel turns spent in this place as a percentage of non-inter-level travel turns spent in the entire game.
 C = Inter-level travel turns spent in this place as a percentage of turns spent in this place.
 D = Turns resting spent in this place as a percentage of non-inter-level travel turns spent in this place.
 E = Turns spent auto-exploring this place as a percentage of non-inter-level travel turns spent in this place.
 F = Non-inter-level travel turns spent in this place divided by the number of levels of this place that you've seen.
                   A       B       C       D       E      F
               +-------+-------+-------+-------+-------+----------------------
         Total | 100.0 | 100.0 |   1.5 |  41.6 |  39.5 | 880.3
       Dungeon | 100.0 | 100.0 |   1.5 |  41.6 |  39.5 | 880.3
               +-------+-------+-------+-------+-------+----------------------
